 Dungeon Crawl Stone Soup version 0.21-a0-536-gdbbf329 (webtiles) character file.

869703 Lasiace the Conqueror (level 27, -16/256 HPs)
             Began as a Formicid Fighter on Dec 11, 2017.
             Was the Champion of Dithmenos.
             Demolished by Cerebov
             ... wielding the +6 sword of Cerebov {flame}
              (30 damage)
             ... in Pandemonium on Dec 14, 2017.
             The game lasted 10:51:21 (104537 turns).

Lasiace the Conqueror (Formicid Fighter)          Turns: 104537, Time: 10:51:22

Health: -16/256    AC: 42    Str: 18    XL:     27
Magic:  27/27      EV: 14    Int: 19    God:    Dithmenos [******]
Gold:   5333       SH: 21    Dex: 23    Spells: 27/38 levels left

rFire    + + .     SeeInvis +   a - +7 great sword (holy)
rCold    + + .     Gourm    .   d - +2 large shield {AC+3}
rNeg     + . .     Faith    .   e - +7 gold dragon scales
rPois    +         Spirit   .   (helmet unavailable)
rElec    .         Reflect  .   D - scarf {cloud immunity}
rCorr    .         Harm     .   M - +2 pair of gloves {Dex+3}
MR       +++..                  l - +2 pair of boots
Stlth    ..........             U - amulet "Sezivoni" {+Inv Regen+ MP-9 Str-4 Int+7}
HPRegen  0.92/turn              Y - ring of Netewk {rC+ rN+ Str+4 SInv}
MPRegen  0.20/turn              F - ring of Divine Intervention {rPois rF++ Str-4 Int+2 Dex+2}

@: fire vulnerable, wreathed by umbra, heavily drained
A: permanent stasis, dig shafts and tunnels, four strong arms, antennae 3,
repulsion field 1, rugged brown scales 1, high mp 1, magic resistance 1,
mutation resistance 1, shaggy fur 1, weak 1
}: 5/15 runes: barnacled, slimy, silver, abyssal, gossamer
a: Dig, Shaft Self, Shadow Step, Shadow Form, Renounce Religion, Evoke
Invisibility


You were in Pandemonium.
You worshipped Dithmenos.
Dithmenos was exalted by your worship.
You were not hungry.

You visited 14 branches of the dungeon, and saw 60 of its levels.
You visited Pandemonium 1 time, and saw 7 of its levels.
You visited the Abyss 4 times.
You visited 2 bazaars.
You also visited: Sewer, Ice Cave and Wizlab.

You collected 9115 gold pieces.
You spent 3782 gold pieces at shops.

Inventory:

Hand Weapons
 a - a +7 great sword of holy wrath (weapon)
 b - a +9 longbow of freezing
 s - a +3 great sword of freezing
Missiles
 j - 1114 arrows {@Q2}
 Q - 13 throwing nets {=f !f}
Armour
 d - a +2 large shield of protection (worn)
 e - +7 gold dragon scales (worn)
 l - a +2 pair of boots (worn)
 D - a scarf of cloud immunity (worn)
 M - a +2 pair of gloves of dexterity (worn)
Jewellery
 F - the ring of Divine Intervention (right hand) {rPois rF++ Str-4 Int+2 Dex+2}
   (You found it on level 2 of the Realm of Zot)

   [ring of poison resistance]

   It affects your strength (-4).
   It affects your intelligence (+2).
   It affects your dexterity (+2).
   It greatly protects you from fire.
   It protects you from poison.
 I - the ring "Ogarya Avae" {rCorr rC+ MR++ Dex+2 Stlth+}
   (You took it off a deep elf knight on level 3 of the Elven Halls)

   [ring of resist corrosion]

   It affects your dexterity (+2).
   It protects you from cold.
   It affects your resistance to hostile enchantments.
   It makes you more stealthy.
 J - the ring of the Gastropod {rPois rF+ MR+ Str+3 Int+7}
   (You found it on level 3 of the Crypt)

   [ring of protection from fire]

   It affects your strength (+3).
   It affects your intelligence (+7).
   It protects you from fire.
   It protects you from poison.
   It affects your resistance to hostile enchantments.
 K - the ring of Taniecwa {-Tele rN+ Int+4 Dex+2}
   (You found it on level 3 of the Crypt)

   [ring of positive energy]

   It affects your intelligence (+4).
   It affects your dexterity (+2).
   It protects you from negative energy.
   It prevents most forms of teleportation.
 L - an uncursed ring of flight
 O - a +1 ring of evasion
 U - the amulet "Sezivoni" (around neck) {+Inv Regen+ MP-9 Str-4 Int+7}
   (You bought it in a shop on level 2 of the Orcish Mines)

   [amulet of regeneration]

   It affects your strength (-4).
   It affects your intelligence (+7).
   It affects your magic capacity (-9).
   It lets you turn invisible.
   It increases your rate of regeneration.
 Y - the ring of Netewk (left hand) {rC+ rN+ Str+4 SInv}
   (You took it off a yaktaur on level 5 of the Vaults)

   [ring of see invisible]

   It affects your strength (+4).
   It protects you from cold.
   It protects you from negative energy.
   It lets you see invisible.
Wands
 r - a wand of scattershot (5)
 C - a wand of paralysis (60)
 G - a wand of acid (25)
 R - a wand of iceblast (51)
 S - a wand of polymorph (70)
Scrolls
 g - 2 scrolls of summoning
 i - 13 scrolls of amnesia
 m - 5 scrolls of fog
 q - 12 scrolls of fear
 v - 8 scrolls of magic mapping
 w - 3 scrolls of silence
 H - 27 scrolls of remove curse
 N - 16 scrolls of identify {@r4}
 V - 3 scrolls of holy word
Potions
 h - 8 potions of curing {@q2}
 n - 3 potions of magic
 o - 5 potions of invisibility
 p - 2 potions of ambrosia
 u - 14 potions of mutation {!q}
 x - 4 potions of agility
 y - 2 potions of might
 z - 9 potions of brilliance
 P - a potion of heal wounds {@q1}
 T - 9 potions of cancellation
 W - 5 potions of flight
 Z - a potion of resistance
Comestibles
 c - 18 meat rations
 f - 13 bread rations
 k - 38 royal jellies
 t - 59 fruits


   Skills:
 O Level 27(23.9) Fighting
 - Level 20.0(17.2) Long Blades
 - Level 20.0(17.2) Bows
 + Level 22.5(19.7) Armour
 + Level 19.3(16.7) Dodging
 - Level 6.0(4.0) Stealth
 - Level 15.0(12.5) Shields
 - Level 6.0(4.0) Spellcasting
 - Level 14.0(11.6) Hexes
 - Level 8.0(5.9) Charms
 - Level 12.2(9.9) Necromancy
 - Level 15.0(12.6) Translocations
 - Level 14.1(11.7) Invocations
 - Level 14.0(11.6) Evocations


You had 27 spell levels left.
You knew the following spells:

 Your Spells              Type           Power        Failure   Level  Hunger
a - Apportation           Tloc           ######       4%          1    None
b - Portal Projectile     Hex/Tloc       #####.       19%         3    ###....
c - Passage of Golubria   Tloc           N/A          45%         4    ####...
d - Regeneration          Chrm/Necr      ####......   71%         3    ###....


Dungeon Overview and Level Annotations

Branches:
Dungeon (15/15)            Temple (1/1) D:4            Lair (6/6) D:11
 Shoals (4/4) Lair:3       Spider (4/4) Lair:2        Slime (5/5) Lair:5
    Orc (2/2) D:9             Elf (3/3) Orc:2        Vaults (5/5) D:14
  Crypt (3/3) Vaults:3       Tomb (1/3) Crypt:3      Depths (5/5) D:15
   Hell (1/1)                 Dis (0/7) Hell            Geh (0/7) Hell
    Coc (0/7) Hell            Tar (0/7) Hell            Zot (5/5) Depths:5

Altars:
Ashenzari
Cheibriados
Dithmenos
Elyvilon
Fedhas
Gozag
Hepliaklqana
Kikubaaqudgha
Makhleb
Nemelex Xobeh
Okawaru
Qazlal
Ru
Sif Muna
Trog
Uskayaw
Vehumet
Wu Jian
Xom
Yredelemnul
Zin
The Shining One
Jiyva

Shops:
D:13 [   D:14 *   D:15 [?   Orc:2 =[*!:   Shoals:1 }(*?(   Shoals:4 *
Vaults:2 [   Depths:1 }   Depths:2 ?

Portals:
Hell: Depths:1 Depths:2 Depths:3 Depths:4 Depths:5
Abyss: Depths:4
Pandemonium: Depths:3 Depths:4 Depths:5
Ziggurat: Depths:1
Trove: D:12 (give 12 potions of heal wounds)

Annotations:
Shoals:2 mad's ghost, journeyman GrFi
Vaults:2 exclusion: door
Depths:3 3 runed doors
Pan exclusion: 8 doors, Cerebov


Innate Abilities, Weirdness & Mutations

You cannot be hasted, slowed, berserked, paralysed or teleported.
You can dig through walls and to a lower floor.
Your four strong arms can wield two-handed weapons with a shield.
You have a pair of large antennae on your head. (SInv)
You are surrounded by a mild repulsion field. (EV +2)
You are partially covered in rugged brown scales. (AC +1, +3% HP)
You have an increased reservoir of magic. (+10% MP)
You are resistant to hostile enchantments. (MR+)
You are somewhat resistant to further mutation.
You are covered in fur. (AC +1)
You are weak. (Str -2)


Message History

You speak a Word of immense power!
Cerebov convulses!
Cerebov gestures at you.
A raging storm of fire appears!
The great blast of fire engulfs you! You partially resist.
* * * LOW HITPOINT WARNING * * *
The great blast of fire engulfs Cerebov.
Cerebov partially resists.
You hear a screech!
You completely miss Cerebov.
Cerebov shouts, "I will devour thy viscera!"
Cerebov is almost dead.
Cerebov is lost in a daze.
Cerebov hits you with a great serpentine sword {flame}!!
* * * LOW HITPOINT WARNING * * *
Cerebov burns you.
* * * LOW HITPOINT WARNING * * *
The sword of Cerebov burns away your fire resistance.
You feel better.
Cerebov hits you with a great serpentine sword {flame}!!
You die...

.......####...# ......###.....#
.....##.......# #'######......#
.....#.#'#....# .....#...###..#
##...#.....######
.#'#.#.......##&##
...###.....§§#{#@# ###
.....#((...§§{#############.##
...........{§§§§...........#.#
...........§§§&§...........####
.......(...§§§§§....(.......#.#
..................(........#.##
........(...4...().(.......####
.....#####.§§§§§.#####......#.#
.....#,,,###§§§###,,,#)....#.##


You could see Cerebov (dazed).

Vanquished Creatures
  A pandemonium lord (Pan)
  the Royal Jelly (Slime:5)
  7 orbs of fire
  Mennas (Vaults:1)
  Mara (Spider:4)
  A juggernaut (Depths:5)
  15 ancient liches
  The ghost of fren the Formicid Blade, a master FoFi of Dithmenos (Vaults:5)
  Sojobo (Tomb:1)
  Bai Suzhen (Vaults:4)
  Margery (Vaults:5)
  5 Killer Klowns
  2 curse toes
  Frederick (Vaults:4)
  Saint Roka (Vaults:2)
  A caustic shrike (shapeshifter) (Vaults:5)
  12 caustic shrikes
  Geryon (Hell)
  14 golden dragons
  the Enchantress (Depths:4)
  5 electric golems
  6 bone dragons
  Jorgrun (Depths:2)
  4 Brimstone Fiends (Pan)
  Arachne (Spider:4)
  2 Ice Fiends
  13 liches
  17 tentacled monstrosities
  5 Hell Sentinels
  The ghost of RexxRaptorr the Brawler, an adept TrMo of Okawaru (Slime:4)
  A hellephant (Abyss:1)
  10 quicksilver dragons
  2 deep elf blademasters (Elf:3)
  25 Orb Guardians (Zot:5)
  7 titans
  Gastronok (Lair:1)
  25 acid blobs
  8 death cobs
  2 deep elf master archers (Elf:3)
  11 ancient champions
  11 sphinxes
  An Executioner (Pan)
  10 tentacled starspawn
  Polyphemus (Shoals:4)
  6 draconian monks
  6 shadow dragons
  19 storm dragons
  5 revenants
  Kirke (Lair:6)
  Ilsuiw (Shoals:4)
  11 tengu reavers
  Roxanne (Elf:3)
  Donald (Elf:2)
  8 azure jellies
  The ghost of Dawnplanks the Bludgeoner, an adept GrFi of the Shining One (Shoals:2)
  A blood saint (Pan)
  11 draconian knights
  23 balrugs
  9 fire giants
  8 frost giants
  7 ghost moths
  15 vault wardens
  2 warmongers (Pan)
  3 iron dragons
  Aizul (Depths:1)
  7 deep elf elementalists
  6 deep elf sorcerers
  10 draconian scorchers
  9 draconian shifters
  6 cacodemons
  3 ghouls
  Louise (Spider:1)
  A caustic shrike skeleton (Depths:4)
  10 ironheart preservers
  7 draconian stormcallers
  27 very ugly things
  5 spriggan defenders
  4 emperor scorpions
  5 draconian annihilators
  An ophan (Abyss:1)
  An entropy weaver (shapeshifter) (Vaults:5)
  4 reapers
  2 corrupters (Pan)
  14 green draconians
  An entropy weaver (Vaults:4)
  25 stone giants
  3 war gargoyles
  6 vampire knights
  18 black draconians
  Azrael (Spider:3)
  11 deep elf annihilators
  6 deep elf demonologists
  3 black suns (Pan)
  17 purple draconians
  5 yellow draconians
  14 red draconians
  7 white draconians
  6 dire elephants (Lair:6)
  3 lorocyprocas
  4 spark wasps
  5 eidola
  Snorg (Orc:1)
  6 green deaths
  21 ettins
  6 merfolk javelineers
  7 deep elf death magi
  10 mummy priests (Tomb:1)
  A crystal guardian (Vaults:2)
  12 merfolk impalers
  5 blizzard demons
  2 jiangshi
  Josephine (Lair:6)
  A monstrous demonspawn (Pan)
  15 fire dragons
  Harold (Orc:1)
  10 death oozes (Slime:5)
  26 vault guards
  4 deep elf high priests
  15 yaktaur captains
  Erolcha (Orc:1)
  10 ice dragons
  10 great orbs of eyes
  2 hell beasts (Pan)
  13 hydras
  A naga warrior (Abyss:3)
  3 rakshasas
  A catoblepas (Shoals:4)
  A caustic shrike simulacrum (Depths:4)
  7 spriggan air magi
  3 merfolk avatars
  An anaconda (Lair:6)
  16 ogre magi
  6 centaur warriors
  65 two-headed ogres
  31 dancing weapons
  6 merfolk aquamancers
  16 deep troll earth magi
  A titan zombie (Crypt:2)
  6 death scarabs (Tomb:1)
  8 hell hogs
  4 satyrs (Shoals:4)
  4 vampire magi
  4 death knights
  7 tengu warriors
  9 deep troll shamans
  7 spriggan berserkers
  7 death yaks
  6 thrashing horrors
  2 orc high priests
  8 soul eaters
  42 sun demons
  4 iron golems (Hell)
  29 deep elf knights
  A fire crab (shapeshifter) (Vaults:1)
  6 wretched stars
  Nergalle (Lair:4)
  4 shadow wraiths
  7 iron trolls
  8 sixfirhies
  A spark wasp zombie (Crypt:2)
  6 hell knights
  A salamander mystic (Depths:4)
  49 skeletal warriors
  An unseen horror (D:11)
  An iron troll (shapeshifter) (Vaults:5)
  37 deep trolls
  A death drake (shapeshifter) (Vaults:3)
  11 sea snakes
  2 gelid demonspawn
  A kraken simulacrum (Hell)
  2 spatial maelstroms (Abyss:3)
  3 wizards
  3 infernal demonspawn
  An orange crystal statue (Abyss:3)
  2 unseen horrors (shapeshifter) (Depths:5)
  A shadow demon (Pan)
  3 flayed ghosts
  10 phantasmal warriors
  8 glowing orange brains
  4 torturous demonspawn
  29 deep elf archers
  29 harpies
  69 deep elf magi
  18 ironbrand convokers
  An obsidian statue (Zot:3)
  8 orc knights
  An anaconda skeleton (Abyss:3)
  2 wolf spider zombies
  A mana viper (shapeshifter) (Elf:1)
  Pikel (D:7)
  15 orb spiders
  6 necromancers
  45 wolf spiders
  2 frost giant zombies
  5 draconians (Abyss:3)
  2 orc sorcerers
  11 cyclopes
  2 fauns (shapeshifter)
  34 moths of wrath
  6 shining eyes
  37 ugly things
  3 worldbinders (Abyss:1)
  17 manticores
  11 fauns
  6 merfolk sirens
  12 smoke demons
  A human zombie (Vaults:4)
  A guardian serpent (Abyss:3)
  Maurice (Orc:1)
  A spriggan zombie (Depths:4)
  3 ice statues
  A black mamba (shapeshifter) (Elf:3)
  A torpor snail (Spider:3)
  A guardian serpent (shapeshifter) (Depths:2)
  6 water nymphs
  10 rust devils
  Joseph (D:9)
  2 centaur zombies
  3 black mambas
  A dire elephant zombie (Crypt:1)
  3 eyes of devastation
  An apocalypse crab (Abyss:3)
  A molten gargoyle (Hell)
  19 vault sentinels
  21 elephants
  17 orange demons
  3 salamanders
  An elephant slug zombie (Crypt:2)
  2 fire giant skeletons
  16 spiny frogs
  A torpor snail (shapeshifter) (Vaults:5)
  2 hellions
  A gargoyle (D:12)
  9 komodo dragons
  3 rime drakes (Lair:4)
  A grey draconian zombie (Crypt:3)
  2 red draconian zombies (Crypt:1)
  A komodo dragon (shapeshifter) (Vaults:2)
  8 ancient zymes (Abyss:3)
  59 yaktaurs
  13 efreet
  24 demonic crawlers
  A yaktaur zombie (Vaults:1)
  10 ice devils
  A kobold demonologist (Abyss:3)
  A swamp worm zombie (Crypt:1)
  11 freezing wraiths
  A golden dragon simulacrum (IceCv)
  A yellow draconian skeleton (Crypt:2)
  3 anaconda simulacra (IceCv)
  A hellwing (Depths:5)
  2 human skeletons (Vaults:4)
  3 tormentors
  5 tengu conjurers
  27 trolls
  26 red devils
  3 polar bears
  6 guardian mummies (Tomb:1)
  2 queen bees (shapeshifter)
  17 jumping spiders
  A tengu simulacrum (Vaults:1)
  A queen bee (Lair:1)
  The ghost of Vlans the Archer, an amateur CeHu of Okawaru (D:4)
  A sea snake skeleton (Crypt:2)
  A meliai (D:14)
  3 hydra zombies (Hell)
  37 merfolk
  A jumping spider (shapeshifter) (Vaults:4)
  A merfolk (shapeshifter) (Depths:2)
  6 wind drakes
  Grinder (D:6)
  12 hornets
  A raiju (shapeshifter) (Depths:1)
  11 raiju
  3 blink frogs (Abyss:3)
  Prince Ribbit (D:7)
  An ice dragon zombie (Abyss:3)
  A slime creature (shapeshifter) (Vaults:5)
  A frost giant simulacrum (Abyss:3)
  3 hippogriffs (shapeshifter)
  13 hippogriffs
  2 hydra skeletons (Hell)
  An ettin zombie (Vaults:5)
  24 large abominations
  85 slime creatures
  A harpy skeleton (Tomb:1)
  5 dream sheep (Lair:4)
  A stone giant simulacrum (Vaults:3)
  A satyr zombie (Crypt:3)
  4 shadows
  7 snapping turtles
  2 bog bodies (Crypt:1)
  A spriggan (shapeshifter) (Vaults:1)
  6 air elementals
  18 flying skulls
  A satyr skeleton (Crypt:3)
  13 wraiths
  11 ynoxinuls
  2 ettin skeletons (Depths:1)
  64 redbacks
  21 water elementals
  35 tarantellas
  A wyvern (shapeshifter) (Depths:2)
  2 dire elephant simulacra (IceCv)
  8 wyverns
  2 hogs (Lair:6)
  5 spriggans
  2 yaks (shapeshifter)
  6 vampires
  7 basilisks
  A human (shapeshifter) (D:15)
  7 vampire mosquitoes
  Grum (D:9)
  15 chaos spawn
  An elf zombie (Vaults:1)
  5 neqoxecs
  2 ushabtiu (Tomb:1)
  A fire bat (Abyss:3)
  66 yaks
  11 fire elementals
  A golden eye (Abyss:3)
  5 hungry ghosts
  A spatial vortex (Abyss:3)
  Menkaure (D:7)
  6 two-headed ogre zombies (WizLab)
  An emperor scorpion simulacrum (Crypt:2)
  3 harpy simulacra (IceCv)
  A warg (shapeshifter) (D:15)
  2 acid dragons
  2 deep troll zombies (Crypt:2)
  An iron troll simulacrum (IceCv)
  A soldier ant (shapeshifter) (Vaults:1)
  A gelid demonspawn zombie (Crypt:1)
  2 nagas (Abyss:3)
  12 hell hounds
  6 wargs
  2 floating eyes
  2 spiny frog zombies
  Duvessa (D:7)
  5 hydra simulacra (IceCv)
  8 porcupines
  10 water moccasins
  A floating eye (shapeshifter) (Depths:1)
  31 orc warriors
  3 ice beasts
  6 sky beasts
  3 slaves (D:7)
  2 black bears (D:7)
  A dream sheep zombie (Crypt:3)
  43 ogres
  2 spiny frog skeletons (Hell)
  8 eyes of draining
  3 wolves (D:9)
  A blink frog zombie (Crypt:3)
  A phantom (D:4)
  A necrophage (Crypt:1)
  A tengu (shapeshifter) (Depths:1)
  9 boggarts
  19 centaurs
  A manticore skeleton (Crypt:3)
  2 elf skeletons
  12 crocodiles
  A blink frog skeleton (Crypt:3)
  4 big kobolds
  14 small abominations
  27 bullfrogs
  3 earth elementals
  A wyvern zombie (D:11)
  2 wyvern skeletons
  9 scorpions
  Dowan (D:7)
  8 troll zombies (WizLab)
  14 killer bees
  3 howler monkeys
  14 wights
  2 electric eels (Spider:3)
  12 crimson imps
  4 human simulacra
  22 starcursed masses
  2 draconian simulacra (IceCv)
  4 quasits
  2 bullfrog zombies
  5 iron imps
  10 hounds
  4 bullfrog skeletons
  17 orc priests
  6 jellies
  26 orc wizards
  4 centaur skeletons
  Jessica (D:3)
  A gnoll shaman (D:5)
  6 iguanas
  4 polar bear simulacra (IceCv)
  13 worker ants
  A spriggan simulacrum (IceCv)
  A killer bee zombie (Crypt:3)
  8 troll simulacra (IceCv)
  2 wolf simulacra (IceCv)
  5 ogre zombies (WizLab)
  3 centaur simulacra (IceCv)
  A sky beast zombie (Crypt:3)
  2 hound zombies
  A hound skeleton (D:6)
  12 mummies (Tomb:1)
  2 worker ant zombies
  Robin (D:4)
  15 gnolls
  16 adders
  An ogre simulacrum (IceCv)
  8 shadow imps
  11 white imps
  11 ufetubi
  4 oozes
  An adder zombie (D:9)
  A halfling zombie (Crypt:2)
  An adder skeleton (D:7)
  8 worms
  12 leopard geckos
  106 orcs
  2 ball pythons
  8 bats
  17 giant cockroaches
  18 goblins
  11 hobgoblins
  12 jackals
  5 quokkas
  A dart slug zombie (Crypt:2)
  12 frilled lizards
  A jackal zombie (D:6)
  16 kobolds
  A kobold skeleton (Crypt:1)
  A quokka zombie (Crypt:1)
  5 rats
  A fire vortex (Pan)
  A fungus (Elf:3)
  3 lurking horrors
  9 plants
  4 starspawn tentacles
  A tentacle (Hell)
  2 withered plants (Crypt:3)
3416 creatures vanquished.

Vanquished Creatures (collateral kills)
  A titan (Vaults:4)
  A vault warden (Vaults:2)
  2 stone giants
  A blizzard demon (Depths:1)
  3 yaktaur captains
  3 vault guards (Vaults:4)
  A great orb of eyes (Vaults:1)
  An ice dragon (Vaults:4)
  2 two-headed ogres (Vaults:3)
  A dancing weapon (Elf:3)
  A phantasmal warrior (Vaults:1)
  3 deep elf magi
  A frost giant skeleton (Depths:1)
  13 yaktaurs
  A warg (Vaults:4)
  An ogre (Vaults:4)
  A centaur (Vaults:3)
  An orc (Elf:2)
38 creatures vanquished.

Vanquished Creatures (others)
  A tentacled monstrosity (Zot:5)
  A draconian monk (Zot:3)
  A tengu reaver (Depths:5)
  A shadow dragon (Zot:4)
  A draconian knight (Zot:2)
  2 necromancers
  3 deep elf magi
  A faun (Shoals:1)
  A manticore (Shoals:1)
  A yaktaur (Vaults:4)
  4 humans (Lair:6)
  An orc warrior (Vaults:4)
  An ogre (Vaults:2)
  A big kobold (shapeshifter) (Vaults:4)
  A crocodile (Lair:5)
  2 small abominations (Abyss:3)
  3 white imps (IceCv)
  5 ufetubi (IceCv)
  2 orcs
  A bush (Abyss:3)
  A demonic plant (Abyss:3)
  A fire vortex (Pan)
  17 fungi
  57 plants
  23 starspawn tentacles
  3 tentacles (Hell)
136 creatures vanquished.

Grand Total: 3590 creatures vanquished

Notes
Turn   | Place    | Note
-------+----------+-------------------------------------------
     0 | D:1      | Lasiace the Formicid Fighter began the quest for the Orb.
     0 | D:1      | Reached XP level 1. HP: 18/18 MP: 1/1
   229 | D:1      | Reached XP level 2. HP: 17/24 MP: 2/2
   558 | D:1      | Reached XP level 3. HP: 29/29 MP: 3/3
   953 | D:2      | Reached XP level 4. HP: 37/37 MP: 4/4
   964 | D:2      | Learned a level 1 spell: Apportation
  1295 | D:2      | Reached skill level 4 in Fighting
  1408 | D:2      | Reached XP level 5. HP: 35/42 MP: 5/5
  1933 | D:3      | Found a sacrificial altar of Ru.
  1956 | D:3      | Noticed Jessica
  1961 | D:3      | Killed Jessica
  2213 | D:3      | Reached XP level 6. HP: 49/49 MP: 6/6
  2471 | D:4      | Reached skill level 5 in Long Blades
  2506 | D:4      | Noticed Robin
  2512 | D:4      | Killed Robin
  2547 | D:4      | Reached skill level 5 in Fighting
  2547 | D:4      | Reached XP level 7. HP: 52/56 MP: 7/7
  2731 | D:4      | Noticed Vlans's ghost (amateur CeHu)
  2752 | D:4      | Killed Vlans's ghost
  2752 | D:4      | Reached skill level 6 in Fighting
  2752 | D:4      | Reached XP level 8. HP: 59/64 MP: 8/8
  3219 | D:4      | Found a staircase to the Ecumenical Temple.
  3228 | Temple   | Entered the Ecumenical Temple
  3386 | Temple   | Became a worshipper of Dithmenos the Shadowed
  3535 | D:5      | Entered Level 5 of the Dungeon
  4017 | D:5      | Reached skill level 7 in Fighting
  4410 | D:5      | Reached XP level 9. HP: 74/74 MP: 9/9
  4413 | D:5      | Reached skill level 8 in Fighting
  4609 | D:6      | Found a stormy altar of Qazlal.
  4689 | D:6      | Reached * piety under Dithmenos
  4919 | D:6      | Found a glowing drain.
  4937 | Sewer    | Entered a sewer
  5061 | Sewer    | Reached ** piety under Dithmenos
  5159 | Sewer    | Found the +4 robe of Augmentation {Str+4 Int+4 Dex+4}
  5463 | D:6      | Found an ornate altar of the Wu Jian Council.
  5465 | D:6      | Found a deep blue altar of Sif Muna.
  5467 | D:6      | Found a shattered altar of Ashenzari.
  5467 | D:6      | Found a bloodstained altar of Trog.
  5474 | D:6      | Found a blossoming altar of Fedhas.
  5556 | D:6      | Reached skill level 9 in Fighting
  5614 | D:6      | Found a radiant altar of Vehumet.
  5712 | D:6      | Noticed Grinder
  5731 | D:6      | Killed Grinder
  5781 | D:6      | Identified the Guide on the Traveller and Aid
  5930 | D:7      | Reached skill level 10 in Long Blades
  5939 | D:7      | Reached XP level 10. HP: 64/83 MP: 10/10
  6313 | D:7      | Reached skill level 1 in Dodging
  6315 | D:7      | Found a basalt altar of Yredelemnul.
  6317 | D:7      | Noticed Prince Ribbit
  6320 | D:7      | Killed Prince Ribbit
  6482 | D:7      | Reached *** piety under Dithmenos
  6580 | D:7      | Noticed Pikel
  6581 | D:7      | Noticed Dowan
  6598 | D:7      | Killed Dowan
  6607 | D:7      | Killed Pikel
  6607 | D:7      | Reached skill level 10 in Fighting
  6622 | D:7      | Noticed Duvessa
  6633 | D:7      | Killed Duvessa
  6661 | D:7      | Found a burning altar of Makhleb.
  6661 | D:7      | Noticed a green death
  6664 | D:7      | Noticed an orange demon
  6931 | D:7      | Noticed Menkaure
  6936 | D:7      | Killed Menkaure
  7287 | D:8      | Gained mutation: You are dopey. (Int -2) [mutagenic meat]
  7288 | D:8      | Gained mutation: You have an increased reservoir of magic. (+10% MP) [mutagenic meat]
  7289 | D:8      | Gained mutation: You are frail. (-10% HP) [mutagenic meat]
  7311 | D:8      | Lost mutation: You have an increased reservoir of magic. (+10% MP) [potion of mutation]
  7311 | D:8      | Lost mutation: You are dopey. (Int -2) [potion of mutation]
  7311 | D:8      | Gained mutation: Your movements are slightly less encumbered by armour. (ER -2) [potion of mutation]
  7311 | D:8      | Gained mutation: You expend magic power (3 MP) to strengthen your wands. [potion of mutation]
  7311 | D:8      | Gained mutation: You are somewhat resistant to further mutation. [potion of mutation]
  7312 | D:8      | Lost mutation: You are somewhat resistant to further mutation. [potion of mutation]
  7312 | D:8      | Lost mutation: Your movements are slightly less encumbered by armour. (ER -2) [potion of mutation]
  7312 | D:8      | Lost mutation: You expend magic power (3 MP) to strengthen your wands. [potion of mutation]
  7312 | D:8      | Gained mutation: Your flesh is heat resistant. (rF+) [potion of mutation]
  7312 | D:8      | Gained mutation: Your spells are a little easier to cast, but a little less powerful. [potion of mutation]
  7312 | D:8      | Gained mutation: Your flesh is very heat resistant. (rF++) [potion of mutation]
  7313 | D:8      | Lost mutation: Your spells are a little easier to cast, but a little less powerful. [potion of mutation]
  7313 | D:8      | Lost mutation: Your flesh is very heat resistant. (rF++) [potion of mutation]
  7313 | D:8      | Lost mutation: Your flesh is heat resistant. (rF+) [potion of mutation]
  7313 | D:8      | Gained mutation: You are agile. (Dex +2) [potion of mutation]
  7313 | D:8      | Gained mutation: Your body sometimes deteriorates upon taking damage. [potion of mutation]
  7313 | D:8      | Gained mutation: You are surrounded by a mild repulsion field. (EV +2) [potion of mutation]
  7314 | D:8      | Lost mutation: Your body sometimes deteriorates upon taking damage. [potion of mutation]
  7314 | D:8      | Lost mutation: You are agile. (Dex +2) [potion of mutation]
  7314 | D:8      | Gained mutation: You are covered in fur. (AC +1) [potion of mutation]
  7314 | D:8      | Gained mutation: Your spells are a little easier to cast, but a little less powerful. [potion of mutation]
  7314 | D:8      | Gained mutation: You are somewhat resistant to further mutation. [potion of mutation]
  7315 | D:8      | Lost mutation: Your spells are a little easier to cast, but a little less powerful. [potion of mutation]
  7315 | D:8      | Lost mutation: You are frail. (-10% HP) [potion of mutation]
  7315 | D:8      | Gained mutation: You are partially covered in rugged brown scales. (AC +1, +3% HP) [potion of mutation]
  7315 | D:8      | Gained mutation: You have an increased reservoir of magic. (+10% MP) [potion of mutation]
  7428 | D:8      | Reached XP level 11. HP: 88/92 MP: 12/12
  7555 | D:8      | Noticed a two-headed ogre
  7564 | D:8      | Killed a two-headed ogre
  7564 | D:8      | Reached skill level 5 in Armour
  7564 | D:8      | Reached skill level 5 in Dodging
  7693 | D:8      | You fall through a shaft!
  7707 | D:9      | Reached **** piety under Dithmenos
  7841 | D:9      | Found a sparkling altar of Nemelex Xobeh.
  8261 | D:8      | Found a glowing silver altar of Zin.
  8695 | D:9      | Noticed Joseph
  8718 | D:9      | Killed Joseph
  8761 | D:9      | Found a snail-covered altar of Cheibriados.
  8775 | D:9      | Found a staircase to the Orcish Mines.
  9042 | D:9      | Noticed Grum
  9060 | D:9      | Killed Grum
  9232 | D:10     | Entered Level 10 of the Dungeon
  9238 | D:10     | Reached ***** piety under Dithmenos
  9834 | D:10     | Reached XP level 12. HP: 99/99 MP: 13/13
 10103 | D:11     | Noticed a two-headed ogre
 10118 | D:11     | Killed a two-headed ogre
 10176 | D:11     | Found a staircase to the Lair.
 10202 | D:11     | Noticed a two-headed ogre
 10222 | D:11     | Killed a two-headed ogre
 10414 | D:11     | Noticed a two-headed ogre
 10423 | D:11     | Killed a two-headed ogre
 10480 | D:11     | Noticed an unseen horror
 10506 | D:11     | Killed an unseen horror
 10544 | D:11     | Reached skill level 10 in Armour
 10602 | D:11     | Noticed a two-headed ogre
 10610 | D:11     | Killed a two-headed ogre
 10704 | D:11     | Noticed a two-headed ogre
 10718 | D:11     | Killed a two-headed ogre
 10718 | D:11     | Reached skill level 5 in Shields
 11324 | Lair:1   | Entered Level 1 of the Lair of Beasts
 11403 | Lair:1   | Noticed a six-headed hydra
 11690 | Lair:2   | Reached XP level 13. HP: 106/106 MP: 14/14
 11767 | Lair:2   | Noticed a six-headed hydra
 11960 | Lair:1   | Noticed a seven-headed hydra
 11972 | Lair:1   | Killed a seven-headed hydra
 11995 | Lair:1   | Reached skill level 1 in Invocations
 12072 | Lair:1   | Reached skill level 5 in Invocations
 12080 | Lair:1   | Reached ****** piety under Dithmenos
 12383 | Lair:1   | Noticed Gastronok
 12421 | Lair:1   | Killed Gastronok
 12432 | Lair:1   | Killed a six-headed hydra
 13477 | Lair:2   | Killed a six-headed hydra
 14006 | Lair:2   | Found a hole to the Spider Nest.
 14193 | Lair:3   | Found a staircase to the Shoals.
 14237 | Lair:3   | Got a steaming marble ring
 14238 | Lair:3   | Noticed an eight-headed hydra
 14306 | Lair:3   | Reached skill level 10 in Invocations
 14398 | Lair:3   | Identified the ring "Oletsiri" {*Corrode rPois rF+ MP+9 Str+7} (You found it on level 3 of the Lair of Beasts)
 14513 | Lair:3   | Noticed a seven-headed hydra
 14772 | Lair:3   | Killed an eight-headed hydra
 15314 | Lair:4   | Reached XP level 14. HP: 95/113 MP: 24/24
 15460 | Lair:4   | Noticed Nergalle
 15489 | Lair:4   | Killed Nergalle
 17218 | Lair:5   | Found a staircase to the Slime Pits.
 18097 | Lair:6   | Entered Level 6 of the Lair of Beasts
 18115 | Lair:6   | Noticed Josephine
 18130 | Lair:6   | Killed Josephine
 18230 | Lair:6   | Reached XP level 15. HP: 118/118 MP: 28/28
 18538 | Lair:6   | Noticed Kirke
 18576 | Lair:6   | Killed Kirke
 18658 | Lair:6   | Reached skill level 11 in Fighting
 19315 | Lair:6   | Reached skill level 12 in Fighting
 20158 | Lair:6   | Reached skill level 13 in Fighting
 21128 | Orc:1    | Entered Level 1 of the Orcish Mines
 21129 | Orc:1    | Noticed Snorg
 21130 | Orc:1    | Noticed Maurice
 21142 | Orc:1    | Killed Snorg
 21173 | Orc:1    | Killed Maurice
 21339 | Orc:1    | Found a bloodstained altar of Trog.
 21520 | Orc:1    | Noticed Harold
 21529 | Orc:1    | Killed Harold
 21621 | Orc:1    | Noticed Erolcha
 21632 | Orc:1    | Killed Erolcha
 21840 | Orc:2    | Entered Level 2 of the Orcish Mines
 21879 | Orc:2    | Reached skill level 14 in Fighting
 21986 | Orc:2    | Reached skill level 1 in Bows
 22045 | Orc:2    | Reached XP level 16. HP: 125/136 MP: 29/29
 22338 | Orc:2    | Found Kuasior's Armour Emporium.
 22346 | Orc:2    | Found Uquefav's Distillery.
 22348 | Orc:2    | Found Ranisopni's Jewellery Shop.
 22417 | Orc:2    | Reached skill level 5 in Bows
 22424 | Orc:2    | Found Ekhotim's General Store.
 22821 | Orc:2    | Found a staircase to the Elven Halls.
 22828 | Orc:2    | Found Esaocex's Book Boutique.
 22944 | Orc:2    | Bought a potion of curing for 36 gold pieces
 22944 | Orc:2    | Bought a potion of curing for 36 gold pieces
 22944 | Orc:2    | Bought a potion of curing for 36 gold pieces
 22944 | Orc:2    | Bought a potion of mutation for 96 gold pieces
 22944 | Orc:2    | Bought a potion of cancellation for 96 gold pieces
 22944 | Orc:2    | Bought a potion of invisibility for 96 gold pieces
 23225 | D:12     | Found a portal to a secret trove of treasure.
 23951 | D:13     | Found Wemus's Armour Shoppe.
 24911 | D:13     | Got a twisted long sword
 25165 | D:14     | Found Pohijiucha's General Store.
 25192 | D:14     | Bought a scroll of immolation for 63 gold pieces
 25330 | D:14     | Identified the +3 long sword of Cocytus {vamp, rC+ Dex+3} (You found it on level 13 of the Dungeon)
 25494 | D:14     | You fall through a shaft!
 25494 | D:15     | Entered Level 15 of the Dungeon
 25845 | D:15     | Found Zucul's Magic Scroll Shoppe.
 25861 | D:15     | Bought a scroll of holy word for 112 gold pieces
 25861 | D:15     | Bought a scroll of brand weapon for 300 gold pieces
 25861 | D:15     | Bought a scroll of blinking for 112 gold pieces
 25861 | D:15     | Bought a scroll of identify for 30 gold pieces
 25861 | D:15     | Bought a scroll of identify for 30 gold pieces
 25861 | D:15     | Bought a scroll of enchant weapon for 112 gold pieces
 25861 | D:15     | Bought a scroll of enchant weapon for 112 gold pieces
 25861 | D:15     | Bought a scroll of holy word for 112 gold pieces
 26254 | D:15     | Found a staircase to the Depths.
 26403 | D:15     | Found Baberixee's Antique Armour Emporium.
 26843 | D:15     | Found a sacrificial altar of Ru.
 26984 | D:14     | Found a gate to the Vaults.
 26997 | D:14     | Reached XP level 17. HP: 143/143 MP: 30/30
 27512 | Lair:3   | Reached skill level 10 in Bows
 27530 | Shoals:1 | Entered Level 1 of the Shoals
 27686 | Shoals:1 | Found Hiafisam's Gadget Shoppe.
 27748 | Shoals:1 | Found Huynelan's Antique Weapon Shoppe.
 27886 | Shoals:1 | Found Giarphid's Magic Scroll Shop.
 27893 | Shoals:1 | Found Tagistuphe's Weapon Shoppe.
 27894 | Shoals:1 | Bought a scroll of magic mapping for 49 gold pieces
 27894 | Shoals:1 | Bought a scroll of fog for 28 gold pieces
 27919 | Shoals:1 | Bought a scroll of identify for 28 gold pieces
 27919 | Shoals:1 | Bought a scroll of identify for 28 gold pieces
 27920 | Shoals:1 | Identified 2 scrolls of acquirement
 27953 | Shoals:1 | Found Xaheulu's General Store.
 27956 | Shoals:1 | Bought 2 potions of mutation for 272 gold pieces
 28198 | Shoals:1 | Reached skill level 10 in Shields
 28685 | Shoals:2 | Noticed Dawnplanks's ghost (adept GrFi)
 28757 | Shoals:2 | Killed Dawnplanks's ghost
 29085 | Shoals:2 | Noticed mad's ghost (journeyman GrFi)
 31381 | Spider:1 | Entered Level 1 of the Spider Nest
 31390 | Spider:1 | Noticed Louise
 31428 | Spider:1 | Killed Louise
 31531 | Spider:1 | Reached XP level 18. HP: 150/150 MP: 31/31
 32389 | Spider:1 | Reached skill level 15 in Shields
 34446 | Spider:3 | Noticed Azrael
 34468 | Spider:3 | Killed Azrael
 35292 | Spider:4 | Entered Level 4 of the Spider Nest
 35420 | Spider:4 | Identified the ring of Boevvey {*Tele +Blink rF+} (You found it on level 4 of the Spider Nest)
 35477 | Spider:4 | Noticed Mara
 35643 | Spider:4 | Killed Mara
 35865 | Spider:4 | Reached XP level 19. HP: 125/156 MP: 2/32
 36999 | Spider:4 | Noticed Arachne
 37027 | Spider:4 | Killed Arachne
 37378 | Spider:4 | Reached skill level 15 in Fighting
 37687 | Spider:4 | Got a gossamer rune of Zot
 38395 | Shoals:4 | Entered Level 4 of the Shoals
 38395 | Shoals:4 | Noticed Polyphemus
 38558 | Shoals:4 | Found a frozen archway.
 38718 | Shoals:4 | Reached skill level 16 in Fighting
 38818 | IceCv    | Entered an ice cave
 40342 | IceCv    | Noticed an Ice Fiend
 40393 | IceCv    | HP: 1/163 [Ice Fiend/bolt of cold (33)]
 40403 | IceCv    | Killed an Ice Fiend
 41163 | Shoals:4 | Reached XP level 20. HP: 172/172 MP: 33/33
 41176 | Shoals:4 | Reached skill level 17 in Fighting
 41489 | Shoals:4 | Got a barnacled rune of Zot
 41958 | Shoals:4 | Identified the Handbook of Conjuration
 42146 | Shoals:4 | Killed Polyphemus
 42376 | Shoals:4 | Reached skill level 18 in Fighting
 42430 | Shoals:4 | Noticed Ilsuiw
 42622 | Shoals:4 | Killed Ilsuiw
 42631 | Shoals:4 | Found Dyigy's General Store.
 42643 | Shoals:4 | Bought a scroll of identify for 26 gold pieces
 42643 | Shoals:4 | Bought a potion of curing for 39 gold pieces
 42643 | Shoals:4 | Bought a scroll of identify for 26 gold pieces
 42643 | Shoals:4 | Bought 2 throwing nets for 78 gold pieces
 43293 | Vaults:1 | Entered Level 1 of the Vaults
 43340 | Vaults:1 | Found a gateway to a bazaar.
 43490 | Vaults:1 | Found a magical portal.
 43503 | WizLab   | Entered Zonguldrok's Shrine
 43918 | WizLab   | Noticed an antique lich
 43935 | WizLab   | Killed an antique lich
 43938 | WizLab   | Found the +9 sword of Zonguldrok {reap}
 43975 | WizLab   | Identified Cuasyunt's Almanac of Unholy Calling
 44118 | Bazaar   | Entered a bazaar
 44118 | Bazaar   | Found Bemmycw's Gadget Shop.
 44118 | Bazaar   | Found Niuleism's General Store.
 44118 | Bazaar   | Found Noquacs's Gadget Shop.
 44120 | Bazaar   | Found Wimaor's General Store.
 44120 | Bazaar   | Found Zawkic's Food Boutique.
 44140 | Bazaar   | Bought a scroll of enchant weapon for 45 gold pieces
 44140 | Bazaar   | Bought a scroll of enchant weapon for 45 gold pieces
 44160 | Bazaar   | Bought an uncursed ring of protection from fire for 250 gold pieces
 44160 | Bazaar   | Bought a scroll of summoning for 95 gold pieces
 44160 | Bazaar   | Bought a scroll of identify for 20 gold pieces
 44163 | Bazaar   | Bought a potion of cancellation for 48 gold pieces
 44462 | Orc:2    | Bought a +0 plate armour of fire resistance for 360 gold pieces
 46180 | Vaults:2 | Noticed Saint Roka
 46209 | Vaults:2 | Killed Saint Roka
 46209 | Vaults:2 | Reached XP level 21. HP: 105/182 MP: 22/34
 46809 | Vaults:2 | Reached skill level 15 in Long Blades
 47178 | Vaults:2 | Noticed Mennas
 47396 | Vaults:1 | HP: 9/182 [Mennas/eudemon blade of holy wrath (16)]
 47423 | Vaults:1 | HP: 7/182 [Mennas/eudemon blade of holy wrath (3)]
 47424 | Vaults:1 | HP: 3/182 [Mennas/eudemon blade of holy wrath (12)]
 47435 | Vaults:1 | HP: 5/182 [Mennas/eudemon blade of holy wrath (14)]
 47495 | Vaults:1 | You fall through a shaft!
 48197 | Vaults:2 | Found Fitetug's Armour Boutique.
 48809 | Vaults:3 | Found a staircase to the Crypt.
 49026 | Vaults:3 | Reached skill level 10 in Dodging
 49571 | Vaults:3 | Reached XP level 22. HP: 189/189 MP: 35/35
 49590 | Vaults:3 | Reached skill level 15 in Armour
 50963 | Vaults:4 | Noticed Frederick
 50978 | Vaults:4 | Killed Frederick
 51769 | Vaults:4 | Reached skill level 19 in Fighting
 51776 | Vaults:4 | Noticed Bai Suzhen
 51839 | Vaults:4 | Killed Bai Suzhen
 53273 | Vaults:1 | Killed Mennas
 53787 | Elf:1    | Entered Level 1 of the Elven Halls
 53790 | Elf:1    | Reached XP level 23. HP: 201/201 MP: 36/36
 53918 | Elf:1    | Reached skill level 20 in Fighting
 55329 | Elf:2    | Found a flickering gateway to a bazaar.
 55341 | Bazaar   | Entered a bazaar
 55350 | Bazaar   | Found Popuin's Antique Weapon Emporium.
 55363 | Bazaar   | Found Loixoj's Antique Weapon Shoppe.
 55378 | Bazaar   | Found Dyopamimuo's Antique Armour Shoppe.
 55389 | Bazaar   | Found Reock's Antique Armour Emporium.
 55394 | Bazaar   | Bought a fine chain mail for 199 gold pieces
 55407 | Elf:2    | Identified the +5 chain mail "Ucruzud" {rN+} (You bought it in a shop in a bazaar)
 55598 | Elf:2    | Noticed Donald
 55614 | Elf:2    | Killed Donald
 55690 | Elf:2    | Found a runed gate.
 55690 | Elf:2    | Found a runed gate.
 55690 | Elf:2    | Found a runed gate.
 56511 | Elf:2    | Upgraded the game from 0.21-a0-529-g8c7b3f5 to 0.21-a0-531-gacddea6
 56565 | Elf:3    | Entered Level 3 of the Elven Halls
 56612 | Elf:3    | Noticed Roxanne
 56622 | Elf:3    | Killed Roxanne
 56645 | Elf:3    | Identified Roxanne's Papyrus of the Rocks (You took it off Roxanne on level 3 of the Elven Halls)
 57723 | Elf:3    | Reached XP level 24. HP: 210/210 MP: 36/36
 57923 | Elf:3    | Got an ancient steel ring
 57965 | Elf:3    | Identified the ring "Tutim" {rElec rPois rC- SInv Stlth+} (You took it off a deep elf blademaster on level 3 of the Elven Halls)
 58457 | Elf:3    | Got a coiled steel ring
 58465 | Elf:3    | Identified the ring "Ogarya Avae" {rCorr rC+ MR++ Dex+2 Stlth+} (You took it off a deep elf knight on level 3 of the Elven Halls)
 58466 | Elf:3    | Identified the amulet of Wariness {Harm *Drain +Fly rElec rPois} (You took it off a deep elf annihilator on level 3 of the Elven Halls)
 58640 | Elf:3    | Identified the cursed +0 scale mail "Gufides" {Dex+6} (You found it on level 3 of the Elven Halls)
 58647 | Elf:3    | Identified Sif Muna's Grimoire of Talismans and Envenoming
 59811 | Crypt:1  | Entered Level 1 of the Crypt
 62345 | Crypt:3  | Entered Level 3 of the Crypt
 62568 | Crypt:3  | Noticed a curse toe
 62667 | Crypt:2  | You fall through a shaft!
 62920 | Crypt:3  | Reached XP level 25. HP: 171/216 MP: 29/36
 63283 | Crypt:3  | Noticed an ancient lich
 63328 | Crypt:3  | Found a staircase to the Tomb.
 63638 | Crypt:3  | Killed an ancient lich
 63801 | Crypt:3  | Got a brightly glowing granite ring
 63802 | Crypt:3  | Identified the ring of the Gastropod {rPois rF+ MR+ Str+3 Int+7} (You found it on level 3 of the Crypt)
 63829 | Crypt:3  | Identified the cursed +1 chain mail of the Tundras {rF- rC+++ MR- Dex+3} (You found it on level 3 of the Crypt)
 63831 | Crypt:3  | Identified the cursed +0 long sword of Jasoxur {slice, +Blink MR+} (You found it on level 3 of the Crypt)
 63840 | Crypt:3  | Got a translucent brass ring
 63841 | Crypt:3  | Identified the ring "Qimun" {rN+ Dex+3} (You found it on level 3 of the Crypt)
 63846 | Crypt:3  | Got a vibrating platinum ring
 63847 | Crypt:3  | Identified the ring of Taniecwa {-Tele rN+ Int+4 Dex+2} (You found it on level 3 of the Crypt)
 63850 | Crypt:3  | Identified the Volume of Evil
 64183 | Crypt:2  | Killed a curse toe
 64638 | Depths:1 | Entered Level 1 of the Depths
 64837 | Vaults:5 | Entered Level 5 of the Vaults
 64846 | Vaults:4 | Cast into level 3 of the Abyss (vault guard)
 64881 | Abyss:3  | Found a transporter.
 65071 | Vaults:4 | Escaped the Abyss
 66901 | Vaults:5 | Got a twitching ivory ring
 66902 | Vaults:5 | Identified the ring of Netewk {rC+ rN+ Str+4 SInv} (You took it off a yaktaur on level 5 of the Vaults)
 66929 | Vaults:5 | Noticed fren's ghost (master FoFi)
 66957 | Vaults:5 | Killed fren's ghost
 66957 | Vaults:5 | Reached skill level 15 in Dodging
 67050 | Vaults:5 | Found the +5 pair of quick blades "Gyre" and "Gimble" {pierce, Dex-3}
 67217 | Vaults:5 | Reached XP level 26. HP: 224/224 MP: 36/36
 67313 | Vaults:5 | Noticed an ancient lich
 67349 | Vaults:5 | Noticed Margery
 67355 | Vaults:5 | Killed Margery
 67371 | Vaults:5 | Killed an ancient lich
 67376 | Vaults:5 | Reached skill level 15 in Bows
 67623 | Vaults:5 | Identified the +0 buckler of the Gusle {rC+ MP+9} (You found it on level 5 of the Vaults)
 67646 | Vaults:5 | Found the +7 Singing Sword
 67661 | Vaults:5 | Got a silver rune of Zot
 67716 | Vaults:5 | Learned a level 3 spell: Portal Projectile
 68293 | Vaults:5 | Got a wavering amethyst amulet
 68968 | Vaults:5 | Identified the amulet of Dujabe {RegenMP rC+ Int+4} (You took it off an ironbrand convoker on level 5 of the Vaults)
 69632 | Orc:2    | Upgraded the game from 0.21-a0-531-gacddea6 to 0.21-a0-532-gadff09b
 69729 | Elf:1    | Identified the cursed +1 scale mail of Repulsion {rElec rC- Str+7 Int-4} (You found it on level 1 of the Elven Halls)
 70048 | Depths:1 | Reached skill level 1 in Stealth
 70445 | Depths:1 | Reached skill level 5 in Stealth
 70491 | Depths:1 | Noticed Aizul
 70497 | Depths:1 | Killed Aizul
 70508 | Depths:1 | Reached skill level 1 in Evocations
 70533 | Depths:1 | Reached XP level 27. HP: 155/230 MP: 30/36
 70790 | Depths:1 | Reached skill level 5 in Evocations
 70852 | Depths:1 | Found a gateway to a ziggurat.
 71132 | Depths:1 | Found Reopaonae's Gadget Shoppe.
 71285 | Depths:1 | Found a gateway to Hell.
 71493 | Depths:2 | Noticed Jorgrun
 71495 | Depths:2 | Killed Jorgrun
 71567 | Depths:2 | Reached skill level 10 in Evocations
 72261 | Depths:2 | Found Amakh's Magic Scroll Boutique.
 72266 | Depths:2 | Bought a scroll of enchant weapon for 120 gold pieces
 72266 | Depths:2 | Bought a scroll of magic mapping for 56 gold pieces
 72266 | Depths:2 | Bought a scroll of holy word for 120 gold pieces
 72605 | Depths:2 | Found the +6 shillelagh "Devastator" {shatter}
 74110 | Depths:3 | Found a one-way gate leading to the halls of Pandemonium.
 74446 | Depths:3 | Found a runed door.
 74446 | Depths:3 | Found a runed door.
 74449 | Depths:3 | Noticed a juggernaut
 74463 | Depths:3 | Found a runed door.
 75991 | Depths:4 | Noticed the Enchantress
 76017 | Depths:4 | Killed the Enchantress
 76074 | Depths:4 | Got faerie dragon scales
 76086 | Depths:4 | Identified the +0 faerie dragon scales {+Inv MR+ rCorr Int-3 Stlth+} (You took it off the Enchantress on level 4 of the Depths)
 76510 | Depths:4 | Found a one-way gate to the infinite horrors of the Abyss.
 76637 | Depths:4 | Identified Leem's Reference Book on Orientation and Good Luck
 76674 | Depths:4 | Learned a level 4 spell: Passage of Golubria
 76715 | Depths:4 | Reached skill level 1 in Hexes
 76715 | Depths:4 | Reached skill level 1 in Translocations
 77085 | Depths:5 | Entered Level 5 of the Depths
 77170 | Depths:5 | Found a gate to the Realm of Zot.
 77346 | Depths:5 | Reached skill level 5 in Translocations
 77358 | Depths:5 | Reached skill level 5 in Hexes
 77763 | Depths:5 | Identified the +1 cloak "Woehyf" {rC- Str+6} (You found it on level 5 of the Depths)
 78258 | Depths:5 | Reached skill level 10 in Translocations
 78300 | Depths:5 | Noticed a juggernaut
 78313 | Depths:5 | Killed a juggernaut
 79103 | Tomb:1   | Entered Level 1 of the Tomb of the Ancients
 79268 | Tomb:1   | Reached skill level 10 in Hexes
 79495 | Tomb:1   | Noticed Sojobo
 79531 | Tomb:1   | Killed Sojobo
 81057 | Slime:1  | Entered Level 1 of the Pits of Slime
 82333 | Slime:1  | Reached skill level 1 in Spellcasting
 82374 | Slime:4  | Noticed RexxRaptorr's ghost (adept TrMo)
 82675 | Slime:4  | Killed RexxRaptorr's ghost
 82719 | Slime:5  | Entered Level 5 of the Pits of Slime
 82747 | Slime:5  | Reached skill level 5 in Spellcasting
 84005 | Slime:5  | Noticed the Royal Jelly
 84270 | Slime:5  | Found a viscous altar of Jiyva.
 84347 | Slime:5  | Killed the Royal Jelly
 84922 | Slime:5  | Got a faintly glowing garnet amulet
 84923 | Slime:5  | Identified the amulet "Xisupicw" {RegenMP Str+4} (You found it on level 5 of the Pits of Slime)
 84979 | Slime:5  | Identified Voanwamee's Incunabulum of Spatial Stolen Souls
 85066 | Slime:5  | Identified the Handbook of the Harmful Birds
 85082 | Slime:5  | Got a slimy rune of Zot
 85129 | Slime:5  | Identified the Incunabulum of Freezing Orientation
 85617 | Depths:4 | Voluntarily entered the Abyss.
 85986 | Depths:4 | Escaped the Abyss
 85989 | Depths:4 | Voluntarily entered the Abyss.
 85989 | Abyss:1  | Found a corrupted altar of Lugonu.
 85995 | Abyss:1  | Found a basalt altar of Yredelemnul.
 86009 | Abyss:1  | Found a corrupted altar of Lugonu.
 86017 | Abyss:1  | Found a corrupted altar of Lugonu.
 86156 | Abyss:1  | Got a slimy plate armour
 86280 | Abyss:1  | Identified the cursed +1 plate armour of Courage {Str+2} (You found it on level 1 of the Abyss)
 86582 | Depths:4 | Escaped the Abyss
 86585 | Depths:4 | Voluntarily entered the Abyss.
 87762 | Abyss:3  | Got an abyssal rune of Zot
 88200 | Depths:4 | Escaped the Abyss
 88267 | Zot:1    | Entered Level 1 of the Realm of Zot
 88311 | Zot:1    | Reached skill level 21 in Fighting
 88318 | Zot:1    | Noticed an orb of fire
 88328 | Zot:1    | Killed an orb of fire
 88457 | Zot:1    | Reached skill level 22 in Fighting
 89573 | Zot:1    | Reached skill level 23 in Fighting
 89917 | Zot:2    | Found a transporter.
 89922 | Zot:2    | Found a deep blue altar of Sif Muna.
 90709 | Zot:2    | Noticed an ancient lich
 90723 | Zot:2    | Killed an ancient lich
 90744 | Zot:2    | Noticed an ancient lich
 90745 | Zot:2    | Killed an ancient lich
 90750 | Zot:2    | Noticed an orb of fire
 90758 | Zot:2    | Reached skill level 24 in Fighting
 90759 | Zot:2    | You fall through a shaft!
 90759 | Zot:3    | Found a transporter.
 91826 | Zot:3    | Reached skill level 25 in Fighting
 92032 | Zot:3    | Found a transporter.
 92281 | Zot:2    | Noticed an ancient lich
 92291 | Zot:2    | Gained mutation: You are resistant to hostile enchantments. (MR+) [an orb of fire]
 92292 | Zot:2    | Killed an orb of fire
 92298 | Zot:2    | You fall through a shaft for 2 floors!
 92909 | Zot:4    | Noticed an orb of fire
 92927 | Zot:4    | Found the +7 sceptre of Torment
 92985 | Zot:4    | Reached skill level 26 in Fighting
 93607 | Zot:3    | Reached skill level 27 in Fighting
 93683 | Zot:3    | Got a translucent platinum ring
 93684 | Zot:3    | Identified the ring "Cagajutzoe" {AC+1 Int+4} (You found it on level 3 of the Realm of Zot)
 93793 | Zot:2    | Noticed an orb of fire
 93796 | Zot:2    | Killed an ancient lich
 93805 | Zot:2    | Killed an orb of fire
 94294 | Zot:2    | Found a transporter.
 94295 | Zot:2    | Got a shimmering zirconium amulet
 94326 | Zot:2    | Got a scintillating platinum ring
 94327 | Zot:2    | Identified the amulet "Lod Yge" {Faith +Inv Str+4 Int+3} (You found it on level 2 of the Realm of Zot)
 94328 | Zot:2    | Identified the ring of Divine Intervention {rPois rF++ Str-4 Int+2 Dex+2} (You found it on level 2 of the Realm of Zot)
 94565 | Zot:5    | Entered Level 5 of the Realm of Zot
 95321 | Zot:5    | Noticed an ancient lich
 95328 | Zot:5    | Killed an ancient lich
 95598 | Zot:5    | Noticed an ancient lich
 95608 | Zot:5    | Killed an ancient lich
 95822 | Zot:5    | Noticed an ancient lich
 95833 | Zot:5    | Killed an ancient lich
 95983 | Zot:5    | Noticed an orb of fire
 95983 | Zot:5    | Noticed an ancient lich
 95985 | Zot:5    | Noticed an ancient lich
 96001 | Zot:5    | Noticed an ancient lich
 96009 | Zot:5    | Noticed an orb of fire
 96235 | Zot:5    | Killed an ancient lich
 96275 | Zot:5    | Killed an ancient lich
 96438 | Zot:5    | Killed an ancient lich
 96439 | Zot:5    | Noticed an orb of fire
 96444 | Zot:5    | Killed an orb of fire
 96492 | Zot:5    | Noticed an ancient lich
 96498 | Zot:5    | Killed an ancient lich
 96536 | Zot:5    | Noticed an ancient lich
 96541 | Zot:5    | Killed an ancient lich
 96567 | Zot:5    | Killed an orb of fire
 96577 | Zot:5    | Noticed an ancient lich
 96593 | Zot:5    | Killed an ancient lich
 96878 | Zot:5    | Killed an orb of fire
 96942 | Zot:5    | Noticed an orb of fire
 96971 | Zot:5    | Killed an orb of fire
 97708 | Zot:5    | Upgraded the game from 0.21-a0-532-gadff09b to 0.21-a0-536-gdbbf329
 98229 | Orc:2    | Bought the amulet "Sezivoni" {+Inv Regen+ MP-9 Str-4 Int+7} for 471 gold pieces
 98450 | Vaults:1 | Learned a level 3 spell: Regeneration
 99167 | Hell     | Entered the Vestibule of Hell
 99167 | Hell     | Noticed Geryon
 99180 | Hell     | Reached skill level 1 in Necromancy
 99546 | Hell     | Killed Geryon
 99546 | Hell     | Reached skill level 5 in Necromancy
 99660 | Hell     | Found a gateway to the Iron City of Dis.
 99695 | Hell     | Reached skill level 1 in Charms
 99982 | Hell     | Reached skill level 10 in Necromancy
100005 | Hell     | Found a gateway to the decaying netherworld of Tartarus.
100506 | Hell     | Found a gateway to the ashen valley of Gehenna.
100583 | Hell     | Found a gateway to the freezing wastes of Cocytus.
100834 | Pan      | Entered Pandemonium
101091 | Pan      | Reached skill level 5 in Charms
102380 | Pan      | Noticed Sihau the pandemonium lord
102440 | Pan      | Killed Sihau the pandemonium lord
102651 | Pan      | Gained mutation: You are weak. (Str -2) [a cacodemon]
102752 | Pan      | Entered the realm of Cerebov.
104175 | Pan      | Noticed Cerebov
104481 | Pan      | HP: 10/256 [Cerebov/great serpentine sword {flame} (19)]
104506 | Pan      | Reached skill level 15 in Translocations
104524 | Pan      | HP: 6/256 [Cerebov/great serpentine sword {flame} (17)]
104531 | Pan      | HP: 3/256 [Cerebov/iron shot (20)]
104536 | Pan      | HP: 7/256 [Cerebov/great serpentine sword {flame} (18)]
104537 | Pan      | Identified the +6 sword of Cerebov {flame}
104537 | Pan      | Demolished by Cerebov

Vault maps used:
D:1:      scummos_arrival_simple_crosswalls
D:2:      cheibrodos_old_hovel, minmay_pentomino_w2
D:3:      nicolae_overflow_crystal_walls, uniq_jessica
D:4:      minmay_temple_entry_fiery, first_bread, uniq_robin
D:6:      kennysheep_mini, grunt_temple_overflow_open,
          nicolae_qazlal_general_emergency, gup_sewer_entry_pipe, uniq_grinder
D:7:      makhleb_altar_promises_db, lemuel_crystal_altar, uniq_duvessa,
          uniq_prince_ribbit1, uniq_menkaure, uniq_pikel
D:8:      wad_cavern_with_rooms, zin_statuary, blue_anna_alchemist,
          minmay_holes, minivault_23, grunt_ministairs_15
D:9:      lemuel_round_altar, cheibriados_altar_1, orc_0_dummy, uniq_joseph,
          uniq_grum
D:11:     lair_entry_dummy, serial_glass, glass_columns_b, glass_columns_b,
          palyth_stone_intersect, kennysheep_kite_vault
D:12:     enter_trove_1
D:13:     serial_shops, shop, serial_co_window_serial, co_window_corner_a,
          co_window_corner_a, co_window_paths_a, co_window_paths_a,
          co_window_paths_b, co_window_paths_a, co_window_corner_a,
          co_window_paths_b, co_window_paths_a, co_window_broadway_a,
          co_window_unsneaky_path_b, co_window_corner_b
D:14:     david_vaults_2, serial_shops, shop_fountains, st_stairs_9
D:15:     hangedman_depths_entry_civil_slaughter, nicolae_ru_path_of_blood,
          serial_shops, shop, nicolae_shop_stone, evilmike_butchery
Temple:   compressed_dpeg_triangle_lava_temple
Lair:1:   special_room, uniq_gastronok
Lair:2:   nicolae_spider_entry_non_spiders, grunt_megastairs_4,
          lemuel_fruit_fields
Lair:3:   beast_lair_carwin_large_1, elwin_shoals_entry_rocks
Lair:4:   special_room, st_stairs_8, serial_bayou_lagoon_b, uniq_nergalle
Lair:5:   nicolae_slime_entry_slimehenge
Lair:6:   due_jungle_book, grunt_megastairs_3, infiniplex_staircase_pool_2,
          uniq_kirke, uniq_josephine
Shoals:1: serial_shops, shop, nicolae_shop_crystal, nicolae_shop_behind_doors,
          shop, shop
Shoals:2: overgrown_hall
Shoals:3: nicolae_shoals_hunting_party
Shoals:4: shoals_end_hangedman, shoal_ilsuiw,
          portal_ice_cave_entry_pillars_three, serial_shops, shop,
          uniq_polyphemus
Spider:1: uniq_louise
Spider:2: special_room
Spider:3: uniq_azrael
Spider:4: grunt_spider_rune_island, hangedman_spider_mandibles,
          nicolae_spider_shape, uniq_arachne, uniq_mara
Slime:1:  nicolae_slime_phagocytosis
Slime:2:  cheibrodos_slime_lost_civilization_1
Orc:1:    basic_altar, uniq_snorg, uniq_harold, uniq_maurice, uniq_erolcha
Orc:2:    st_orc_open, serial_shops, nicolae_shop_waterfront
Elf:1:    eino_elf_arrival_shootout, evilmike_minifort
Elf:2:    serial_shops, bzr_entry_road, minivault_27, due_unseen_surprise,
          uniq_donald
Elf:3:    elf_hall, minmay_misc_feat_ornament, uniq_roxanne
Vaults:1: vaults_room_grunt_arrival_ludios, ontoclasm_vaults_tryst, v_misc_18,
          vaults_dpeg_hooks, nicolae_vaults_little_squares_2,
          nicolae_vaults_ninety_degrees, nicolae_vaults_little_squares_2,
          vaults_dpeg_cross, infiniplex_enter_wizlab_water, serial_shops,
          bzr_entry_lakeside
Vaults:2: vaults_mumra_minichess_inversion, ontoclasm_vaults_fault,
          nicolae_vaults_little_squares_1, nicolae_vaults_twisting_passages,
          hangedman_vaults_pinch, dpeg_vaults_monster_row,
          nicolae_vaults_little_squares_2, v_misc_24, vaults_room_fours,
          vaults_room_semicircle, ontoclasm_vaults_gateway,
          nicolae_vaults_ring_of_whatevers, ontoclasm_vaults_idyll,
          serial_shops, nicolae_shop_crystal, uniq_saint_roka, uniq_mennas
Vaults:3: hangedman_vaults_locks, grunt_vaults_bifocal, v_rooms_1,
          minmay_crypt_entry_simple_plaza, nicolae_vaults_network_s,
          hangedman_vaults_trim, vaults_room_grid
Vaults:4: vaults_dpeg_diagonal, nicolae_vaults_asterisk,
          nicolae_vaults_display_case, hangedman_vaults_hat,
          nicolae_vaults_rhombus_5, grunt_vaults_funnel, v_pattern_4,
          vaults_room_fours, nicolae_vaults_ring_of_whatevers,
          grunt_vaults_hallway_short, v_misc_29,
          nicolae_vaults_diagonal_hallway_8, nicolae_vaults_yaktaur_gun_rack,
          ontoclasm_vaults_decontamination, uniq_bai_suzhen, uniq_frederick
Vaults:5: uniq_margery
Crypt:1:  grunt_crypt_arrival_split
Crypt:2:  minmay_misc_feat_five
Crypt:3:  david_glass_crypt, tomb_entry_forgotten_bobbens
Tomb:1:   uniq_sojobo
Depths:1: enter_ziggurat_e, hell_entry, serial_shops, shop_fountains,
          minmay_misc_feat_columns, minmay_misc_feat_cross, evilmike_ambush,
          uniq_aizul
Depths:2: minmay_box_of_statues, hell_entry, minmay_crystal_water, serial_shops,
          shop, uniq_jorgrun
Depths:3: minmay_the_grid_triangle_9x9_rhombus_thin_mashed,
          grunt_hell_entry_dis_old, kennysheep_cluttered_room,
          grunt_pan_entry_zigzag
Depths:4: evilmike_marble_ring, hell_entry, pan_entry, abyss_entry_crystal,
          infiniplex_staircase_pool_1, uniq_enchantress
Depths:5: grunt_zot_entry_tricorne, grunt_pan_entry_in_and_out, hell_entry,
          minmay_evil_grid, serial_bayou_shore_a
Zot:1:    kennysheep_blocky_room, hangedman_zot_decor_tridents
Zot:2:    gammafunk_sealed_library
Zot:3:    gammafunk_sealed_arena, stair_cage_line
Zot:4:    lemuel_halls_of_wrath, nrook_zot_tub
Abyss:3:  gammafunk_abyss_exit_x_factor, evilmike_abyss_exit_14
Pan:      evilmike_mini_pan_doors_b, nicolae_pan_sick_transit,
          evilmike_mini_pan_thingy, nicolae_pan_diamonds,
          evilmike_mini_pan_pillars_b, evilmike_mini_pan_branches, rand_demon_2,
          cerebov_grunt, nicolae_pan_cerebovesque_2
Bazaar:   bazaar_minmay_generic_island, bazaar_minmay_armour_weapon
Sewer:    sewer_frog_island_01
IceCv:    ice_cave_caverns_02
WizLab:   wizlab_zonguldrok

Skill      XL: |  1  2  3  4  5  6  7  8  9 10 11 12 13 14 15 16 17 18 19 20 21 22 23 24 25 26 27 |
---------------+----------------------------------------------------------------------------------+-----
Shields        | 4 7 9 13 15 | 15.0
Long Blades    | 3 4 5 6 8 10 11 12 14 16 18 20 | 20.0
Armour         | 4 8 10 11 12 13 14 16 18 22 | 22.5
Fighting       | 4 5 6 7 9 10 14 16 18 19 20 27 | 27.0
Dodging        | 4 5 7 8 10 11 13 15 19 | 19.3
Invocations    | 11 14 | 14.1
Bows           | 2 9 10 13 14 16 20 | 20.0
Stealth        | 6 |  6.0
Evocations     | 2 14 | 14.0
Hexes          | 14 | 14.0
Translocations | 15 | 15.0
Spellcasting   | 6 |  6.0
Necromancy     | 12 | 12.2
Charms         | 8 |  8.0

Action                   |  1- 3 |  4- 6 |  7- 9 | 10-12 | 13-15 | 16-18 | 19-21 | 22-24 | 25-27 || total
-------------------------+-------+-------+-------+-------+-------+-------+-------+-------+-------++-------
Melee: Long sword        |    79 |   139 |   134 |       |       |       |       |       |       ||   352
       Scimitar          |       |       |   166 |   691 |  1126 |       |       |       |       ||  1983
       Demon blade       |       |       |       |       |   227 |  1449 |   884 |       |       ||  2560
       Double sword      |       |       |       |       |       |       |   479 |   918 |   464 ||  1861
       Great sword       |       |       |       |       |       |       |    62 |       |  1902 ||  1964
       Eudemon blade     |       |       |       |       |       |       |       |   170 |   129 ||   299
 Fire: Hunting sling     |       |    52 |    43 |       |       |       |       |       |       ||    95
       Shortbow          |       |       |   103 |   279 |   576 |   936 |   219 |       |       ||  2113
       Longbow           |       |       |       |       |       |       |   725 |   773 |  3536 ||  5034
Throw: Stone             |    26 |    76 |    15 |       |       |       |       |       |       ||   117
       Tomahawk          |       |    13 |    29 |    32 |    19 |    56 |       |       |       ||   149
 Cast: Regeneration      |       |       |       |       |       |       |       |       |     3 ||     3
Invok: Shadow Form       |       |       |       |       |       |       |     2 |       |     1 ||     3
 Abil: Dig               |       |     1 |     3 |     3 |     8 |     5 |     9 |     6 |    31 ||    66
       Shaft Self        |       |       |       |       |       |       |     1 |     1 |     2 ||     4
       Evoke Flight      |       |       |       |       |       |       |       |       |     1 ||     1
Evoke: Wand              |       |       |       |     1 |       |       |     1 |       |       ||     2
  Use: Scroll            |       |     2 |    10 |     6 |     7 |    16 |     6 |    18 |    40 ||   105
       Potion            |       |       |       |     5 |     2 |     1 |    26 |     1 |    24 ||    59
 Stab: Sleeping          |       |       |     1 |       |       |       |       |       |     1 ||     2
       Paralysed         |       |       |       |     6 |       |       |       |       |       ||     6
       Distracted        |       |       |       |       |       |     3 |     5 |    12 |    15 ||    35
       Petrified         |       |       |       |       |       |       |     8 |       |       ||     8
       Invisible         |       |       |       |       |       |       |     8 |       |       ||     8
  Eat: Chunk             |       |     6 |    12 |    32 |    30 |    39 |    23 |    21 |    47 ||   210
       Bread ration      |       |       |       |       |     1 |     1 |     2 |       |     6 ||    10
       Meat ration       |       |       |       |       |       |       |     3 |     5 |    12 ||    20
Armor: Scale mail        |    41 |    62 |    91 |       |       |       |       |       |       ||   194
       Robe              |       |       |    13 |    37 |       |       |       |       |       ||    50
       Crystal plate arm |       |       |       |   247 |   686 |   561 |   373 |       |       ||  1867
       Plate armour      |       |       |       |       |       |       |   159 |   234 |   132 ||   525
       Storm dragon scal |       |       |       |       |       |       |       |       |    31 ||    31
       Shadow dragon sca |       |       |       |       |       |       |       |       |    66 ||    66
       Gold dragon scale |       |       |       |       |       |       |       |       |   807 ||   807
Dodge: Dodged            |    16 |    62 |    97 |   253 |   609 |   424 |   480 |   437 |  1558 ||  3936
Block: Shield            |    44 |    77 |   139 |   278 |   882 |   271 |       |       |       ||  1691
       Large shield      |       |       |       |       |       |   948 |  1496 |   927 |  3134 ||  6505
       Reflection        |       |       |       |       |       |    31 |       |       |       ||    31
       Rpst.: Long sword |     6 |    19 |    14 |       |       |       |       |       |       ||    39
       Scimitar          |       |       |    19 |    56 |    96 |       |       |       |       ||   171
       Demon blade       |       |       |       |       |    20 |    83 |    40 |       |       ||   143
       Double sword      |       |       |       |       |       |       |    28 |    76 |    52 ||   156
       Great sword       |       |       |       |       |       |       |     4 |       |   149 ||   153
       Eudemon blade     |       |       |       |       |       |       |       |     9 |     7 ||    16

Table legend:
 A = Spawn XP
 B = Non-spawn XP
 C = Spawn XP percentage of total XP
 D = Spawn monster count
 E = Non-spawn monster count
 F = Spawn count percentage of total count
 G = Total turns spent on level
                    A         B        C        D         E        F      G
               +---------+---------+-------+---------+---------+-------+---------
         Total |  121224 | 2427295 |   4.8 |     179 |    3233 |   5.2 | 104537
               +---------+---------+-------+---------+---------+-------+---------
           D:1 |       0 |      48 |   0.0 |       0 |      27 |   0.0 |   923
           D:2 |       0 |     103 |   0.0 |       0 |      24 |   0.0 |   881
           D:3 |       0 |     136 |   0.0 |       0 |      31 |   0.0 |   615
           D:4 |       0 |     800 |   0.0 |       0 |      31 |   0.0 |   939
           D:5 |       0 |     993 |   0.0 |       0 |      26 |   0.0 |  1066
           D:6 |       0 |    1300 |   0.0 |       0 |      37 |   0.0 |   845
           D:7 |       0 |    3616 |   0.0 |       0 |      41 |   0.0 |  1263
           D:8 |       0 |    2375 |   0.0 |       0 |      34 |   0.0 |  1121
           D:9 |       0 |    3240 |   0.0 |       0 |      30 |   0.0 |  1083
          D:10 |       0 |    2881 |   0.0 |       0 |      27 |   0.0 |  1023
          D:11 |       0 |    9525 |   0.0 |       0 |      37 |   0.0 |  2128
          D:12 |       0 |    7859 |   0.0 |       0 |      34 |   0.0 |  1276
          D:13 |       0 |    5289 |   0.0 |       0 |      19 |   0.0 |  1753
          D:14 |       0 |    8352 |   0.0 |       0 |      30 |   0.0 |  1592
          D:15 |       0 |   12663 |   0.0 |       0 |      45 |   0.0 |  1864
        Lair:1 |       0 |   10089 |   0.0 |       0 |      43 |   0.0 |  1870
        Lair:2 |       0 |    4313 |   0.0 |       0 |      26 |   0.0 |  1283
        Lair:3 |       0 |    6750 |   0.0 |       0 |      26 |   0.0 |  1191
        Lair:4 |       0 |   11662 |   0.0 |       0 |      39 |   0.0 |  1472
        Lair:5 |       0 |   12348 |   0.0 |       0 |      31 |   0.0 |  1596
        Lair:6 |       0 |   27330 |   0.0 |       0 |      60 |   0.0 |  2885
      Shoals:1 |       0 |   16733 |   0.0 |       0 |      32 |   0.0 |  1106
      Shoals:2 |       0 |   16788 |   0.0 |       0 |      31 |   0.0 |  1694
      Shoals:3 |       0 |   16179 |   0.0 |       0 |      32 |   0.0 |  1637
      Shoals:4 |       0 |   49165 |   0.0 |       0 |      79 |   0.0 |  2021
      Spider:1 |       0 |   16433 |   0.0 |       0 |      50 |   0.0 |  1260
      Spider:2 |       0 |   12931 |   0.0 |       0 |      34 |   0.0 |  1541
      Spider:3 |       0 |   18712 |   0.0 |       0 |      59 |   0.0 |  1258
      Spider:4 |       0 |   52275 |   0.0 |       0 |      80 |   0.0 |  2381
       Slime:1 |       0 |   16514 |   0.0 |       0 |      27 |   0.0 |   448
       Slime:3 |       0 |    5339 |   0.0 |       0 |      10 |   0.0 |   302
       Slime:4 |       0 |   11143 |   0.0 |       0 |      12 |   0.0 |   801
       Slime:5 |       0 |   48108 |   0.0 |       0 |      59 |   0.0 |  1818
         Orc:1 |       0 |    6485 |   0.0 |       0 |      45 |   0.0 |   819
         Orc:2 |       0 |   18609 |   0.0 |       0 |      72 |   0.0 |  1969
         Elf:1 |       0 |   29891 |   0.0 |       0 |      57 |   0.0 |  1714
         Elf:2 |       0 |   48550 |   0.0 |       0 |      79 |   0.0 |  1547
         Elf:3 |       0 |   65382 |   0.0 |       0 |      66 |   0.0 |  2380
      Vaults:1 |       0 |   33095 |   0.0 |       0 |      54 |   0.0 |  3339
      Vaults:2 |       0 |   42089 |   0.0 |       0 |      76 |   0.0 |  2704
      Vaults:3 |       0 |   58866 |   0.0 |       0 |      84 |   0.0 |  2490
      Vaults:4 |     124 |  125811 |   0.1 |       1 |     142 |   0.7 |  3986
      Vaults:5 |       0 |  147388 |   0.0 |       0 |     102 |   0.0 |  2449
       Crypt:1 |       0 |   18479 |   0.0 |       0 |      34 |   0.0 |  1252
       Crypt:2 |       0 |   37392 |   0.0 |       0 |      42 |   0.0 |  1501
       Crypt:3 |       0 |   42773 |   0.0 |       0 |      41 |   0.0 |  1860
        Tomb:1 |       0 |   52039 |   0.0 |       0 |      55 |   0.0 |  1835
      Depths:1 |       0 |   61631 |   0.0 |       0 |      80 |   0.0 |  1968
      Depths:2 |       0 |   67060 |   0.0 |       0 |      71 |   0.0 |  1515
      Depths:3 |       0 |   43097 |   0.0 |       0 |      51 |   0.0 |  1826
      Depths:4 |       0 |   94724 |   0.0 |       0 |      83 |   0.0 |  1623
      Depths:5 |       0 |  126216 |   0.0 |       0 |      84 |   0.0 |  1808
          Hell |       0 |   67898 |   0.0 |       0 |      96 |   0.0 |  1227
         Zot:1 |       0 |  103796 |   0.0 |       0 |      55 |   0.0 |  1707
         Zot:2 |       0 |   87382 |   0.0 |       0 |      34 |   0.0 |  1589
         Zot:3 |       0 |   85126 |   0.0 |       0 |      56 |   0.0 |  1735
         Zot:4 |       0 |   76114 |   0.0 |       0 |      72 |   0.0 |  1432
         Zot:5 |       0 |  259707 |   0.0 |       0 |      76 |   0.0 |  3203
       Abyss:1 |   15899 |    9870 |  61.7 |      20 |      23 |  46.5 |  1071
       Abyss:2 |     645 |       0 | 100.0 |       2 |       0 | 100.0 |    85
       Abyss:3 |   64823 |   47049 |  57.9 |     101 |      69 |  59.4 |  1646
           Pan |   39733 |  132906 |  23.0 |      55 |     124 |  30.7 |  3703
         Sewer |       0 |     240 |   0.0 |       0 |      19 |   0.0 |   463
         IceCv |       0 |    9363 |   0.0 |       0 |      51 |   0.0 |  2343
        WizLab |       0 |   16275 |   0.0 |       0 |      37 |   0.0 |   510
               +---------+---------+-------+---------+---------+-------+---------
